 Dungeon Crawl Stone Soup version 0.29-a0-338-g1ff7896281 (webtiles) character file.

Game seed: 2269210173311127699

457 spaghetti the Sneak (level 7, -1/61 (63) HPs)
             Began as a Naga Fighter on Apr 18, 2022.
             Slain by a wight
             ... wielding a +5 halberd
              (13 damage)
             ... on level 4 of the Dungeon.
             The game lasted 00:06:04 (4029 turns).

spaghetti the Sneak (Naga Fighter)                  Turns: 4029, Time: 00:06:04

HP:   -1/61 (63)    AC:  6    Str: 19    XL:     7   Next: 6%
MP:   7/7           EV:  7    Int:  8    God:
Gold: 190           SH:  5    Dex: 12    Spells: 6/6 levels left

rFire   . . .      SeeInvis +   j - +0 rapier (elec) {short}
rCold   . . .      Faith    .   c - +0 buckler
rNeg    . . .      Spirit   .   b - +0 scale mail
rPois   +          Reflect  .   (no helmet)
rElec   .          Harm     .   (no cloak)
rCorr   .          Rampage  .   (no gloves)
Will    +....                   (no barding)
Stlth   +.........              (no amulet)
HPRegen 0.20/turn               l - ring of willpower
MPRegen 0.10/turn               (no ring)

@: lightly drained, very slow
A: AC +2, large, see invisible, deformed body, poison resistance, slowness 2,
spit poison 1, naga tail 1
a: Spit Poison


You were on level 4 of the Dungeon.
You visited 1 branch of the dungeon, and saw 4 of its levels.

You collected 190 gold pieces.


Innate Abilities, Weirdness & Mutations

Your serpentine skin is tough. (AC +2)
You have supernaturally acute eyesight. (SInv)
Armour fits poorly on your strangely shaped body.
Your system is resistant to poisons. (rPois)
You cover ground very slowly.
You can spit poison.
You have a snake-like lower body.


   Skills:
 + Level 3.6 Fighting
 - Level 1.9(2.3) Short Blades
 - Level 2.0(2.3) Long Blades
 + Level 1.0 Throwing
 + Level 3.3 Armour
 + Level 1.5 Dodging
 * Level 4.8 Stealth
 * Level 4.0 Shields


You had 6 spell levels left.
You didn't know any spells.
Your spell library was empty.

Inventory:

Hand Weapons
 a - a +0 long sword of venom {long}
 i - a +0 whip of venom {mace}
   (You found it on level 1 of the Dungeon)
 j - a +0 rapier of electrocution (weapon) {short}
   (You found it on level 1 of the Dungeon)
Missiles
 h - 109 stones (quivered) {throwing}
 k - a throwing net {=f!fthrowing}
 t - 5 poisoned darts {throwing}
Armour
 b - a +0 scale mail (worn)
 c - a +0 buckler (worn)
 w - a +0 helmet
   (You found it on level 3 of the Dungeon)
Magical Staves
 q - a staff of conjuration {!a@e2staff}
   (You found it on level 3 of the Dungeon)
Jewellery
 g - a ring of see invisible
   (You found it on level 1 of the Dungeon)
 l - a ring of willpower (left hand)
   (You found it on level 1 of the Dungeon)
 x - a ring of ice
   (You found it on level 4 of the Dungeon)
Wands
 s - a wand of iceblast (8)
   (You found it on level 3 of the Dungeon)
 u - a wand of flame (15)
   (You took it off a kobold on level 3 of the Dungeon)
Scrolls
 e - 2 scrolls of silence {!r}
 f - a scroll of noise {!r}
 n - a scroll of identify {@r1}
 r - a scroll of amnesia {unknown}
 v - 2 scrolls of fear {unknown}
Potions
 p - a potion of cancellation

Dungeon Overview and Level Annotations

Branches:
Dungeon (4/15)
 Temple: D:4-7

Altars:

Shops:
D:1

* #.########
#.#......# #
#.#......# #.
#.#......#
#z#####.#......#
#zz@.(#.#......#
#######.#.#......#
#...# #.#.#......#
#####.#.###)#........#
#...........###......#
#......###### #......#
#......# ##.#..######
#......# #.#........
#).....# #.##.######


You could see 3 wights.


Message History

* * * LOW HITPOINT WARNING * * *
Things that are here:
a +0 short sword {short}; a +0 halberd {polearm}; 3 stones {throwing} 😱 HP[-10]
You take 10 damage, and now have 9/56 hp.
You puncture the gnoll! Lightning courses through the gnoll!!
You kill the gnoll!
You closely miss the gnoll. The gnoll hits you with a +0 club.
* * * LOW HITPOINT WARNING * * *
😱 HP[-3]
You take 3 damage, and now have 6/56 hp.
You puncture the gnoll!
You kill the gnoll!
You start resting.
A gnoll comes into view. It is wielding a +0 club. 😱 HP[+3]
You regained 3 hp, and now have 9/56 hp.
Throw: 109 stones {throwing}
Press: ? - help, Q - select action, (/) - cycle Shift-Dir - straight line, f - gnoll
Aim: a gnoll, wielding a +0 club (wandering, hasn't noticed you, 61% to hit)
Okay, then.
Aiming: Spit Poison (1% risk of failure)
Press: ? - help, Shift-Dir - straight line, f - gnoll
Aim: a gnoll, wielding a +0 club (wandering, hasn't noticed you, 65% to hit)
The splash of poison hits the gnoll but does no damage.
The gnoll is poisoned.
The gnoll shouts!
Okay, then.
As you read the scroll labelled QANNAE VUIRIA, it crumbles to dust.
It is a scroll of brand weapon.
Your +0 long sword {long} drips with poison.
a - a +0 long sword of venom {long} You puncture the gnoll!
Lightning courses through the gnoll!
You kill the gnoll!
Your +0 rapier of electrocution {short} stops crackling.
Your +0 long sword of venom {long} begins to drip with poison!
a - a +0 long sword of venom (weapon)
{long} You have got your breath back.
You feel a little less mighty now.
Key pressed, stopping explore.
A wight comes into view. It is wielding a +4 hand axe. 😨 HP[+12]
You regained 12 hp, and now have 21/56 hp.
A wight is nearby!
A wight is nearby!
A wight is nearby!
A wight is nearby!
Your +0 long sword of venom {long} stops dripping with poison.
You hear the crackle of electricity.
j - a +0 rapier of electrocution (weapon)
{short}
Aiming: Iceblast
Press: ? - help, Shift-Dir - straight line, f - wight
Aim: a wight, wielding a +4 hand axe and wearing a +0 robe The mass of ice explodes!
The iceblast engulfs the wight!
The wight partially resists.
You hear a shout!
Aiming: Iceblast
Press: ? - help, Shift-Dir - straight line, f/p - wight
Aim: a wight, wielding a +4 hand axe and wearing a +0 robe (severely damaged)
The mass of ice explodes!
The iceblast engulfs the wight.
The wight partially resists.
You destroy the wight!
Your Throwing skill increases to level 1!
Your Shields skill increases to level 4!
You have reached level 7! 😨 HP[+3] MP[+1]
You now have 63 max hp (+7).
You regained 3 hp, and now have 24/63 hp.
Your mp is fully restored (7).
You start resting.
A wight comes into view. It is wielding a +5 battleaxe.
Aiming: Iceblast
Press: ? - help, Shift-Dir - straight line, f - wight
Aim: a wight, wielding a +5 battleaxe and wearing a +0 robe The mass of ice explodes!
The iceblast engulfs the wight.
The wight partially resists. 😨 HP[+1]
You barely miss the wight. The wight hits you with a +5 battleaxe!
* * * LOW HITPOINT WARNING * * *
You feel drained.
* * * LOW HITPOINT WARNING * * *
The wight completely misses you.
A wight comes into view. It is wielding a +5 halberd.
A wight comes into view. It is wielding a +0 falchion. 😱 HP[-13]
You now have 61 max hp (-2).
You take 13 damage, and now have 12/61 hp.
MASSIVE DAMAGE!! (PAUSE)
Okay, then.
Okay, then.
As you read the scroll labelled EJELEODEMU, it crumbles to dust.
It is a scroll of identify.
e - 2 scrolls of silence You block the wight's attack.
As you read the scroll labelled VETOXZ INGUTO, it crumbles to dust.
You hear a loud clanging noise!
It was a scroll of noise.
You hear a shout! x2
The wight hits you from afar with a +5 halberd!
You die...

Skill      XL: |  1  2  3  4  5  6 |
---------------+-------------------+-----
Shields        | 3 4 |  4.0
Stealth        | 1 3 4 |  4.8
Short Blades   | 1 |  1.9
Armour         | 3 |  3.3
Dodging        | 1 |  1.5
Throwing       | 1 |  1.0
Fighting       | |  3.6
Long Blades    | |  2.0

Action                   |  1- 3 |  4- 6 |  7- 9 || total
-------------------------+-------+-------+-------++-------
Melee: Long sword        |    49 |       |       ||    49
       Rapier            |    80 |   106 |     1 ||   187
       Whip              |       |    12 |       ||    12
Throw: Stone             |     3 |    88 |       ||    91
 Abil: Spit Poison       |     8 |     2 |       ||    10
Evoke: Wand              |       |     2 |     1 ||     3
  Use: Potion            |     1 |     6 |       ||     7
       Scroll            |       |     1 |     2 ||     3
Armor: Scale mail        |    57 |    52 |       ||   109
Dodge: Dodged            |    73 |    35 |     1 ||   109
Block: Buckler           |    30 |    26 |     1 ||    57

Levels and vault maps discovered:
D:1:      dpeg_arrival_three_same_balls, layout_loops_ring, serial_shops,
          nicolae_diamond_shop, dreamdust_ecumenical_altar_hidden_monk_grotto
D:2:      layout_basic
D:3:      layout_loops_ring, dk_noncrumbling_3
D:4:      layout_basic, cheibrodos_sewer_entry_bend

Notes
Turn   | Place    | Note
-------+----------+-------------------------------------------
     0 | D:1      | spaghetti the Naga Fighter began the quest for the Orb.
     0 | D:1      | Reached XP level 1. HP: 21/21 MP: 1/1
     0 | D:1      | magus.rc [v1.9.6]
   280 | D:1      | Found Gien's General Store.
   290 | D:1      | Reached XP level 2. HP: 21/28 MP: 2/2
   310 | D:1      | HP: 7/28 [frozen (3)]
   907 | D:1      | Reached skill level 3 in Shields
   994 | D:1      | Found a faded altar of an unknown god.
  1064 | D:1      | Reached skill level 1 in Stealth
  1064 | D:1      | Reached XP level 3. HP: 34/34 MP: 3/3
  1778 | D:3      | Reached XP level 4. HP: 23/42 MP: 4/4
  2723 | D:3      | Noticed a sky beast
  2740 | D:3      | HP: 11/63 [sky beast (6)]
  2744 | D:3      | Killed a sky beast
  2745 | D:3      | Reached skill level 1 in Short Blades
  2745 | D:3      | Reached skill level 3 in Armour
  2745 | D:3      | Reached skill level 3 in Stealth
  2745 | D:3      | Reached XP level 5. HP: 13/49 MP: 5/5
  3250 | D:4      | Reached skill level 1 in Dodging
  3518 | D:4      | Noticed an acid dragon
  3527 | D:4      | Killed an acid dragon
  3528 | D:4      | Reached skill level 4 in Stealth
  3528 | D:4      | Reached XP level 6. HP: 41/56 MP: 6/6
  3935 | D:4      | HP: 9/56 [gnoll/+0 halberd (11)]
  4025 | D:4      | Reached skill level 1 in Throwing
  4025 | D:4      | Reached skill level 4 in Shields
  4025 | D:4      | Reached XP level 7. HP: 24/63 MP: 7/7
  4027 | D:4      | HP: 14/63 [wight/+5 battleaxe (11)]
  4029 | D:4      | Slain by a wight

Vanquished Creatures
  An acid dragon (D:4)
  A sky beast (D:3)
  A wight (D:4)
  A jelly (D:4)
  An iguana (D:4)
  2 adders
  4 gnolls (D:4)
  3 worms (D:4)
  3 orcs
  5 ball pythons
  2 bats
  6 endoplasms
  4 giant cockroaches
  6 hobgoblins
  9 jackals
  10 kobolds
  6 quokkas
  3 frilled lizards
  8 goblins
  8 rats
84 creatures vanquished.

Table legend:
 A = Non-vault XP
 B = Vault XP
 C = Vault XP percentage of total XP
 D = Non-vault monster count
 E = Vault monster count
 F = Vault count percentage of total count
                 A         B        C        D         E       F
            +---------+---------+-------+---------+---------+-------
      Total |     638 |      15 |   2.3 |      81 |       3 |   3.6
            +---------+---------+-------+---------+---------+-------
        D:1 |      40 |       0 |   0.0 |      24 |       0 |   0.0
        D:2 |      37 |       0 |   0.0 |      14 |       0 |   0.0
        D:3 |     159 |       0 |   0.0 |      16 |       0 |   0.0
        D:4 |     402 |      15 |   3.6 |      27 |       3 |  10.0
            +---------+---------+-------+---------+---------+-------

Illustrated notes

Table legend:
 A = Kills in this place as a percentage of kills in entire the game.
 B = Kills by you in this place as a percentage of kills by you in the entire game.
 C = Kills by friends in this place as a percentage of kills by friends in the entire game.
 D = Other kills in this place as a percentage of other kills in the entire game.
 E = Experience gained in this place as a percentage of experience gained in the entire game.
 F = Experience gained in this place divided by the number of levels of this place that you have seen.
                   A       B       C       D       E      F
               +-------+-------+-------+-------+-------+----------------------
         Total | 100.0 | 100.0 |   N/A |   N/A | 100.0 | 163.2
       Dungeon | 100.0 | 100.0 |   N/A |   N/A | 100.0 | 163.2
               +-------+-------+-------+-------+-------+----------------------

Table legend: (Time is in decaauts)
 A = Elapsed time spent in this place.
 B = Non-inter-level travel time spent in this place.
 C = Inter-level travel time spent in this place.
 D = Time resting spent in this place.
 E = Time spent auto-exploring this place.
 F = Levels seen in this place.
 G = Mean time per level.
                   A        B        C        D        E       F      G
               +--------+--------+--------+--------+--------+-----+--------+
         Total |   4914 |   4760 |    154 |    716 |   3377 |   4 | 1228.5 |
       Dungeon |   4914 |   4760 |    154 |    716 |   3377 |   4 | 1228.5 |
               +--------+--------+--------+--------+--------+-----+--------+

Top non-repeatable levels by time:
     D:1: 1601 daAuts
     D:3: 1580 daAuts
     D:4: 1258 daAuts
     D:2: 474 daAuts
